Map: El Dorado

Players

GooberMan

  • Race: Terran Terran
  • League: Gold
  • Spawn Location: 5:00

GangusKaun - Winner!

  • Race: Protoss Protoss
  • League: Gold
  • Spawn Location: 7:00

VOD

Have the link to the VOD?

Description

Time

  • Played on: Dec. 4, 2024, 7:37 p.m.
  • Length: 8:32
Show
View Real Time Build Order
Export as new Build Order

GooberMan Terran 

Build Orders:  

Get SALT Encoding   

  12  0:00  SCV  
  13  0:12  SCV  
  14  0:18  Supply Depot  
  14  0:24  SCV  
  15  0:39  SCV  
  15  0:40  Barracks  
  16  0:47  Refinery  
  16  0:51  SCV  
  17  1:04  SCV  
  18  1:20  SCV  
  19  1:28  Supply Depot  
  19  1:29  Marine  
  19  1:32  SCV  
  21  1:37  Barracks  
  21  1:40  Refinery  
  21  1:44  SCV  
  22  1:49  Barracks Tech Lab  
  22  1:55  Bunker  
  22  2:00  SCV  
  23  2:07  Combat Shield  
  23  2:12  SCV  
  24  2:23  Barracks Reactor  
  24  2:29  Orbital Command  
  26  2:37  Marauder  
  26  2:43  Supply Depot  
  26  2:55  SCV  
  27  3:00  Factory  
  27  3:02  Marine x2  
  29  3:07  SCV  
  29  3:09  Supply Depot  
  30  3:17  Marauder  
  30  3:19  SCV  
  33  3:20  Marine x2  
  35  3:35  Bunker  
  35  3:36  Stimpack  
  35  3:42  Engineering Bay  
  35  3:48  Factory Tech Lab, Supply Depot  
  35  3:57  SCV  
  36  4:12  Command Center  
  36  4:37  Widow Mine  
  38  4:43  Missile Turret  
  38  4:44  Starport  
  38  4:45  SCV  
  39  4:53  Command Center  
  39  4:57  Terran Infantry Weapons Level 1  
  39  5:11  Refinery  
  39  5:17  SCV  
  40  5:25  Orbital Command  
  40  5:31  Concussive Shells  
  40  5:33  Widow Mine  
  42  5:36  Liberator  
  45  5:48  Missile Turret  
  45  5:59  SCV  
  46  6:04  SCV  
  46  6:07  Sensor Tower  
  46  6:09  Refinery  
  46  6:16  SCV  
  40  6:28  SCV  
  22  7:14  Marine x2  
  22  7:15  Marauder  
  24  7:32  Marine x2  
  24  7:36  Marauder  
  23  7:49  Marine  
  23  7:50  Marine  
  23  7:51  SCV  
  22  7:52  SCV  
  22  7:57  Marauder  
  25  8:03  SCV  
  25  8:04  SCV  
Show
View Real Time Build Order
Export as new Build Order

GangusKaun Protoss - Winner!

Build Orders: 1 Gate Expand 

Get SALT Encoding   

  12  0:11  Pylon  
  12  0:22  Probe  
  13  0:34  Gateway, Probe  
  14  0:49  Probe  
  15  0:52  Assimilator  
  15  1:01  Probe  
  15  1:21  Cybernetics Core  
  15  1:26  Probe  
  16  1:41  Nexus  
  16  1:49  Probe  
  16  1:53  Pylon  
  17  2:00  Adept  
  17  2:02  Warp Gate  
  19  2:09  Assimilator  
  19  2:12  Probe  
  19  2:20  Probe  
  20  2:23  Adept  
  23  2:57  Twilight Council  
  23  3:04  Shield Battery  
  23  3:07  Probe  
  23  3:09  Probe  
  23  3:12  Adept  
  27  3:21  Probe  
  28  3:27  Gateway  
  28  3:40  Robotics Facility  
  28  3:42  Probe  
  28  3:43  Probe  
  28  3:46  Assimilator  
  30  3:51  Pylon  
  30  4:15  Gateway  
  30  4:23  Dark Shrine  
  30  4:25  Probe, Pylon  
  27  4:41  Probe x2  
  29  4:51  Stalker x2  
  33  4:53  Probe  
  33  4:54  Warp Prism  
  36  5:10  Assimilator  
  36  5:35  Shield Battery  
  36  5:41  Dark Templar x3  
  42  5:46  Probe x2  
  44  5:58  Probe x2  
  46  6:06  Forge  
  46  6:10  Probe x2  
  48  6:30  Zealot x3  
  42  6:51  Dark Templar x2  
  42  6:52  Dark Templar  
  48  7:00  Gateway  
  48  7:02  Gateway  
  48  7:04  Gateway  
  46  7:30  Stalker x3  
  50  7:59  Probe  
  50  8:00  Probe  
  52  8:11  Stalker x4, Nexus  
Tags
 
League
GoldGold
Matchup
PvT
Spawn Locations
Close Positions
Add a new tag
Caveats
  • Supply blocks, unpowered buildings, or Contaminate may cause inaccurate times.
  • Supply counts are checked every 10 seconds.